 Dungeon Crawl Stone Soup version 0.19-a0-1886-gd64a0f0 (webtiles) character file.

37 Morenatsu the Cudgeler (level 3, -4/39 HPs)
             Began as an Ogre Berserker on Oct 15, 2016.
             Was a Follower of Trog.
             Slain by a gnoll
             ... wielding a +0 spear
              (5 damage)
             ... on level 3 of the Dungeon.
             The game lasted 00:01:25 (858 turns).

Morenatsu the Cudgeler (Ogre Berserker)              Turns: 858, Time: 00:01:27

Health: -4/39      AC:  3    Str: 23    XL:     3   Next: 41%
Magic:  3/3        EV: 10    Int:  6    God:    Trog [*.....]
Gold:   101        SH:  0    Dex:  9    Spells: 0 memorised, 2 levels left

rFire  . . .     SeeInvis .     a - +0 mace
rCold  . . .     Gourm    .     b - +0 animal skin
rNeg   . . .     Faith    .     (no shield)
rPois  .         Spirit   .     (helmet restricted)
rElec  .         Dismiss  .     (no cloak)
rCorr  .         Reflect  .     (gloves unavailable)
MR     .....     Harm     .     (boots unavailable)
Stlth  +.........               (no amulet)
                                (no ring)
                                (no ring)

@: exhausted, slowed, very slow
A: unfitting armour, tough skin 1
a: Berserk, Burn Spellbooks, Renounce Religion


You were on level 3 of the Dungeon.
You worshipped Trog.
Trog was aware of your devotion.
You were hungry.

You visited 1 branch of the dungeon, and saw 4 of its levels.

You collected 101 gold pieces.

Inventory:

Hand Weapons
 a - a +0 mace (weapon)
Armour
 b - a +0 animal skin (worn)
Scrolls
 d - a scroll of immolation {unknown}
 f - a scroll of identify {unknown}
 i - 2 scrolls of remove curse {unknown}
 j - a scroll of fog {unknown}
 k - a scroll of recharging {unknown}
Potions
 e - a potion of cancellation {unknown}
Comestibles
 c - 2 bread rations
 g - a beef jerky


   Skills:
 - Level 4.0 Fighting
 + Level 5.8 Maces & Flails
 - Level 2.6 Dodging


You had 2 spell levels left.
You didn't know any spells.

Dungeon Overview and Level Annotations

Branches:
Dungeon (4/15)
 Temple: D:4-7

Altars:


Innate Abilities, Weirdness & Mutations

You are too large for most types of armour.
You have tough skin. (AC +1)


Message History

The gnoll closely misses you.
You hit the gnoll but do no damage.
The frilled lizard bites you but does no damage.
The gnoll hits you with a club! The gnoll hits you but does no damage.
The frilled lizard completely misses you.
The gnoll hits you with a club!
* * * LOW HITPOINT WARNING * * *
The gnoll barely misses you.
You miss the frilled lizard. The frilled lizard barely misses you.
The gnoll hits you from afar with a spear!
* * * LOW HITPOINT WARNING * * *
The gnoll misses you.
The frilled lizard suddenly unfolds its giant frill!
The frilled lizard bites you but does no damage.
The gnoll hits you from afar with a spear.
* * * LOW HITPOINT WARNING * * *
You barely miss the frilled lizard. The gnoll hits you but does no damage.
The frilled lizard misses you.
The gnoll hits you from afar with a spear.
You die...

.... #..# ####..#
.....# #...# #...#
#..o#######..
.######>.gg........
.ยง.......wl@..##
.############.# #


You could see a worm, 2 gnolls, an orc and a frilled lizard.

Vanquished Creatures
  A gnoll (D:3)
  2 dart slugs (D:1)
  A leopard gecko (D:1)
  An orc (D:3)
  2 giant cockroaches
  4 goblins (D:1)
  4 hobgoblins (D:1)
  3 bats (D:1)
  2 kobolds
20 creatures vanquished.

Notes
Turn   | Place    | Note
-------+----------+-------------------------------------------
     0 | D:1      | Morenatsu the Ogre Berserker began the quest for the Orb.
     0 | D:1      | Reached XP level 1. HP: 24/24 MP: 1/1
    54 | D:1      | Reached XP level 2. HP: 25/32 MP: 2/2
   314 | D:1      | Reached skill level 5 in Maces & Flails
   732 | D:1      | Reached XP level 3. HP: 34/39 MP: 3/3
   823 | D:2      | You fall through a shaft for 2 floors!
   857 | D:3      | HP: 1/39 [gnoll/spear (2)]
   858 | D:3      | Slain by a gnoll

Vault maps used:
D:1:      lightli_arrival_boilingwater
D:2:      first_bread, kennysheep_generic_room_15, uniq_terence, uniq_iyjb
D:3:      nicolae_gozag_zags_fifth_avenue
D:4:      fountainhead, kennysheep_slug_shrine, uniq_menkaure,
          uniq_blork_the_orc, uniq_sigmund

Skill      XL: |  1  2 |
---------------+-------+-----
Maces & Flails | 5 |  5.8
Fighting       | |  4.0
Dodging        | |  2.6

Action                   || total
-------------------------++-------
Melee: Mace              ||    75
Invok: Berserk           ||     1
Armor: Animal skin       ||    39
Dodge: Dodged            ||    61
